 Dungeon Crawl Stone Soup version 0.23-a0-54-gae6112e (webtiles) character file.

3497 Gildeon the Spear-Bearer (level 9, -1/74 HPs)
             Began as a Minotaur Fighter on Aug 8, 2018.
             Was an Elder of Okawaru.
             Slain by an iguana (3 damage)
             ... on level 8 of the Dungeon.
             The game lasted 00:20:28 (7136 turns).

Gildeon the Spear-Bearer (Minotaur Fighter)         Turns: 7136, Time: 00:20:29

Health: -1/74      AC:  8    Str: 21    XL:     9   Next: 80%
Magic:  11/11      EV: 12    Int:  6    God:    Okawaru [****..]
Gold:   475        SH:  0    Dex: 12    Spells: 3/13 levels left

rFire    + . .     SeeInvis +   u - +0 halberd
rCold    x . .     Gourm    .   (shield currently unavailable)
rNeg     . . .     Faith    .   b - +1 scale mail
rPois    .         Spirit   .   (helmet restricted)
rElec    .         Reflect  .   (no cloak)
rCorr    .         Harm     .   (no gloves)
MR       .....                  (no boots)
Stlth    ..........             (no amulet)
HPRegen  0.22/turn              j - ring of see invisible
MPRegen  0.12/turn              l - ring of fire

@: no status effects
A: retaliatory headbutt, horns 2
a: Heroism, Renounce Religion


You were on level 8 of the Dungeon.
You worshipped Okawaru.
Okawaru was greatly pleased with you.
You were not hungry.

You visited 2 branches of the dungeon, and saw 9 of its levels.

You collected 475 gold pieces.

Inventory:

Hand Weapons
 a - a +2 trident
 p - the +8 hand axe of Change {chop, rN+, unknown}
   (You found it on level 4 of the Dungeon)

   It inflicts extra damage upon your enemies.
   It protects you from negative energy.
 u - a +0 halberd (weapon)
Armour
 b - a +1 scale mail (worn)
Jewellery
 j - a ring of see invisible (left hand)
 l - a ring of fire (right hand)
Wands
 m - a wand of acid (7)
 y - a wand of disintegration (14)
 A - a wand of polymorph (18)
Scrolls
 c - 6 scrolls of remove curse
 e - 2 scrolls of blinking
 h - a scroll of fog
 w - 2 scrolls of teleportation
Potions
 d - 2 potions of might
 g - 3 potions of haste
 i - 3 potions of agility
 k - 2 potions of flight
 q - 4 potions of heal wounds
 r - a potion of brilliance
 s - a potion of berserk rage {unknown}
 z - a potion of mutation {unknown}
Comestibles
 f - 14 rations
 n - 2 chunks of flesh


   Skills:
 - Level 5.1 Fighting
 * Level 10.8 Polearms
 - Level 5.0 Armour
 - Level 5.0 Dodging
   Level 3.6 Shields
 - Level 2.5 Spellcasting
 + Level 1.2 Conjurations
 - Level 5.0 Invocations
 + Level 4.8 Evocations


You had 3 spell levels left.
You knew the following spells:

 Your Spells              Type           Power        Failure   Level  Hunger
a - Magic Dart            Conj           #...         52%         1    ##.....
b - Flame Tongue          Conj/Fire      #....        63%         1    ##.....
c - Blink                 Tloc           N/A          83%         2    ###....
d - Slow                  Hex            #.......     83%         2    ###....
e - Call Imp              Summ           #.......     83%         2    ###....
f - Throw Flame           Conj/Fire      #.....       77%         2    ###....

Your spell library contained the following spells:

 Spells                   Type           Power        Failure   Level  Hunger
 Fireball                 Conj/Fire      #.........   100%        5    ######.
 Conjure Flame            Conj/Fire      #.......     94%         3    ####...
 Mephitic Cloud           Conj/Pois/Air  #.......     95%         3    ####...
 Sticky Flame             Conj/Fire      #.......     100%        4    #####..
 Inner Flame              Hex/Fire       #.......     97%         3    ####...


Dungeon Overview and Level Annotations

Branches:
Dungeon (8/15)             Temple (1/1) D:7            Lair (0/6) D:8

Altars:
Ashenzari
Cheibriados
Dithmenos
Elyvilon
Fedhas
Gozag
Hepliaklqana
Kikubaaqudgha
Makhleb
Nemelex Xobeh
Okawaru
Qazlal
Ru
Sif Muna
Trog
Vehumet
Wu Jian
Xom
Yredelemnul
Zin
The Shining One

Shops:
D:6 }


Innate Abilities, Weirdness & Mutations

You reflexively headbutt those who attack you in melee.
You have a pair of horns on your head.


Message History

The gnoll hits you but does no damage.
Your scale mail prevents you from hitting the gnoll.
You headbutt the gnoll.
The gnoll is heavily wounded.
The gnoll hits you.
* * * LOW HITPOINT WARNING * * *
You barely miss the gnoll. You headbutt the gnoll.
The gnoll is severely wounded.
The iguana barely misses you. The gnoll hits you but does no damage.
You hit the gnoll but do no damage.
You headbutt the gnoll, but do no damage.
The gnoll is severely wounded.
The iguana closely misses you. The gnoll closely misses you.
You furiously retaliate!
You headbutt the gnoll!
You kill the gnoll!
Okawaru accepts your kill.
You hit the iguana. Your headbutt misses the iguana.
The iguana is lightly wounded.
The iguana bites you.
You die...

#......#####....####....
......)## ####.........
#...o...### #..##...g.
#.........# ###.#.....>
#.......#..# #..........
##..†.....#....#........
......#.#...####.#.#..P.
...##......o....l#.# .?.
... ......#####.@..# ..
... .......# #...## .
.......###.<. #.### ..
..... ### ..# . ####
..## ##. .. ##.


You could see an iguana and an orc.

Vanquished Creatures
  A human (D:7)
  4 hogs (D:7)
  A basilisk (D:8)
  Menkaure (D:4)
  3 ice beasts (D:5)
  2 sky beasts
  A black bear (D:8)
  2 ogres
  A phantom (D:6)
  4 centaurs
  Blork the orc (D:4)
  4 bullfrogs
  5 scorpions
  2 howler monkeys
  A bullfrog zombie (D:8)
  2 crimson imps
  A hound (D:7)
  2 orc priests (D:6)
  5 orc wizards
  A centaur skeleton (D:4)
  An iguana (D:4)
  3 worker ants
  A hound zombie (D:2)
  A hound skeleton (D:4)
  A worker ant zombie (D:5)
  13 adders
  4 gnolls
  A worm (D:4)
  3 dart slugs
  7 leopard geckos
  23 orcs
  3 ball pythons
  4 bats
  5 giant cockroaches
  7 goblins
  13 hobgoblins
  8 jackals
  7 quokkas
  2 frilled lizards
  A jackal zombie (D:7)
  9 kobolds
  8 rats
169 creatures vanquished.

Vanquished Creatures (others)
  A fungus (D:8)
1 creature vanquished.

Grand Total: 170 creatures vanquished

Notes
Turn   | Place    | Note
-------+----------+-------------------------------------------
     0 | D:1      | Gildeon the Minotaur Fighter began the quest for the Orb.
     0 | D:1      | Reached XP level 1. HP: 19/19 MP: 0/0
   136 | D:1      | Reached XP level 2. HP: 25/27 MP: 1/1
   169 | D:1      | Reached skill level 3 in Polearms
   384 | D:1      | Reached skill level 1 in Dodging
   491 | D:1      | Reached XP level 3. HP: 32/33 MP: 2/2
   784 | D:2      | Reached XP level 4. HP: 39/40 MP: 3/3
   822 | D:2      | Found an iron altar of Okawaru.
   847 | D:2      | Became a worshipper of Warmaster Okawaru
   908 | D:2      | Reached skill level 4 in Polearms
  1006 | D:2      | Found a radiant altar of Vehumet.
  1007 | D:2      | Found a snail-covered altar of Cheibriados.
  1012 | D:2      | Found a deep blue altar of Sif Muna.
  1112 | D:2      | Reached XP level 5. HP: 38/47 MP: 4/4
  1518 | D:3      | Reached skill level 5 in Polearms
  1533 | D:3      | Reached * piety under Okawaru
  1981 | D:3      | Found a deep blue altar of Sif Muna.
  2110 | D:4      | Reached skill level 5 in Armour
  2110 | D:4      | Reached XP level 6. HP: 49/55 MP: 5/5
  2183 | D:4      | Reached skill level 5 in Fighting
  2219 | D:4      | Found a sacrificial altar of Ru.
  2456 | D:4      | Got an iridescent hand axe
  2506 | D:4      | Noticed Blork the orc
  2519 | D:4      | Killed Blork the orc
  2519 | D:4      | Reached skill level 6 in Polearms
  2519 | D:4      | Reached skill level 1 in Invocations
  2557 | D:4      | Noticed Menkaure
  2564 | D:4      | Killed Menkaure
  2564 | D:4      | Reached skill level 1 in Evocations
  2564 | D:4      | Reached XP level 7. HP: 29/61 MP: 5/7
  2804 | D:4      | Reached ** piety under Okawaru
  3081 | D:5      | Entered Level 5 of the Dungeon
  3151 | D:5      | Reached skill level 7 in Polearms
  3423 | D:5      | Reached XP level 8. HP: 16/68 MP: 8/8
  3876 | D:5      | Found a shadowy altar of Dithmenos.
  4022 | D:5      | Learned a level 1 spell: Magic Dart
  4025 | D:5      | Learned a level 2 spell: Blink
  4028 | D:5      | Learned a level 2 spell: Slow
  4031 | D:5      | Learned a level 2 spell: Call Imp
  4071 | D:5      | Found a shimmering altar of Xom.
  4341 | D:5      | Reached skill level 8 in Polearms
  4607 | D:6      | Reached skill level 5 in Dodging
  4839 | D:6      | Reached *** piety under Okawaru
  4929 | D:6      | Reached skill level 9 in Polearms
  5187 | D:6      | Found Den Poff's Gadget Shoppe.
  5220 | D:6      | Reached skill level 1 in Spellcasting
  5331 | D:7      | Learned a level 1 spell: Flame Tongue
  5398 | D:7      | Reached XP level 9. HP: 54/74 MP: 11/11
  5424 | D:7      | Reached **** piety under Okawaru
  5756 | D:7      | Learned a level 2 spell: Throw Flame
  5860 | D:7      | Reached skill level 10 in Polearms
  6114 | D:7      | Found a staircase to the Ecumenical Temple.
  6129 | Temple   | Entered the Ecumenical Temple
  6336 | D:7      | Reached skill level 5 in Invocations
  7102 | D:8      | Reached skill level 1 in Conjurations
  7117 | D:8      | Found a staircase to the Lair.
  7133 | D:8      | HP: 2/74 [gnoll (5)]
  7136 | D:8      | Slain by an iguana

Vault maps used:
D:1:      dpeg_arrival_signposts, solitary_fountain
D:2:      okawaru_altar_gauntlet_db, minitemple
D:3:      led_sif_pool
D:4:      hangedman_decor_slide_cut, nicolae_ru_the_path_less_chosen,
          uniq_blork_the_orc, uniq_menkaure
D:5:      overflow_temple_1_default, first_ration, xom_teletrap_fun
D:6:      serial_shops, kennysheep_mini_moat
D:7:      temple_statues, grunt_livestock
D:8:      david_lair_generic
Temple:   lightli_temple_of_artemis

Skill      XL: |  1  2  3  4  5  6  7  8  9 |
---------------+----------------------------+-----
Polearms       | 3 4 5 6 7 9 10 | 10.8
Dodging        | 1 2 3 4 5 |  5.0
Fighting       | 4 5 |  5.1
Armour         | 4 5 |  5.0
Invocations    | 1 2 4 5 |  5.0
Evocations     | 1 2 3 4 |  4.8
Spellcasting   | 1 2 |  2.5
Conjurations   | 1 |  1.2
Shields        | |  3.6

Action                   |  1- 3 |  4- 6 |  7- 9 || total
-------------------------+-------+-------+-------++-------
Melee: Trident           |    64 |   134 |   253 ||   451
       Headbutt          |     8 |    22 |    69 ||    99
       Halberd           |       |       |    47 ||    47
  Use: Scroll            |     2 |     5 |    12 ||    19
       Potion            |       |       |     2 ||     2
  Eat: Chunk             |       |     5 |    10 ||    15
       Ration            |       |       |     2 ||     2
Armor: Scale mail        |    31 |    36 |   100 ||   167
Dodge: Dodged            |    45 |    79 |   159 ||   283

Table legend:
 A = Spawn XP
 B = Non-spawn XP
 C = Spawn XP percentage of total XP
 D = Spawn monster count
 E = Non-spawn monster count
 F = Spawn count percentage of total count
 G = Total turns spent on level
                    A         B        C        D         E        F      G
               +---------+---------+-------+---------+---------+-------+---------
         Total |       0 |    4996 |   0.0 |       0 |     169 |   0.0 |  7136
               +---------+---------+-------+---------+---------+-------+---------
           D:1 |       0 |      48 |   0.0 |       0 |      27 |   0.0 |   696
           D:2 |       0 |     159 |   0.0 |       0 |      36 |   0.0 |   690
           D:3 |       0 |     158 |   0.0 |       0 |      13 |   0.0 |   666
           D:4 |       0 |     605 |   0.0 |       0 |      13 |   0.0 |  1029
           D:5 |       0 |     940 |   0.0 |       0 |      29 |   0.0 |  1462
           D:6 |       0 |     797 |   0.0 |       0 |      21 |   0.0 |   741
           D:7 |       0 |    1631 |   0.0 |       0 |      18 |   0.0 |  1654
           D:8 |       0 |     658 |   0.0 |       0 |      12 |   0.0 |    92
               +---------+---------+-------+---------+---------+-------+---------
